 Dungeon Crawl Stone Soup version 0.17.2 (webtiles) character file.

90 Ery the Chopper (level 4, -2/40 HPs)
             Began as a Minotaur Berserker on June 9, 2016.
             Was a Priest of Trog.
             Succumbed to a scorpion's poison
             ... on level 4 of the Dungeon.
             The game lasted 00:05:50 (2746 turns).

Ery the Chopper (Minotaur Berserker)                Turns: 2746, Time: 00:05:51

Health: -2/40      AC:  5    Str: 21    XL:     4   Next: 32%
Magic:  3/3        EV: 11    Int:  4    God:    Trog [***...]
Gold:   158        SH:  0    Dex: 11    Spells: 0 memorised, 3 levels left

rFire  . . .     SeeInvis .     a - +0 hand axe
rCold  . . .     Clarity  .     e - +0 ring mail
rNeg   . . .     SustAt   .     (no shield)
rPois  .         Gourm    .     (helmet restricted)
rElec  .         Spirit   .     (no cloak)
rCorr  .         Warding  .     (no gloves)
rMut   .         Stasis   .     (no boots)
MR     .....                    m - amulet of faith
Stlth  +.........               (no ring)
                                (no ring)

@: lethally poisoned (-2 -> -30), not resistant to hostile enchantments, very
unstealthy
A: retaliatory headbutt, horns 2
a: Berserk, Trog's Hand, Burn Spellbooks, Renounce Religion


You were on level 4 of the Dungeon.
You worshipped Trog.
Trog was most pleased with you.
You were near starving.

You visited 1 branch of the dungeon, and saw 4 of its levels.

You collected 158 gold pieces.

Inventory:

Hand Weapons
 a - a +0 hand axe (weapon)
Armour
 b - a +0 animal skin
 e - a +0 ring mail (worn)
 u - a +0 large shield
Jewellery
 m - an amulet of faith (around neck)
 x - a +6 ring of evasion {unknown}
Scrolls
 d - 2 scrolls of teleportation {unknown}
 g - a scroll of fear {unknown}
 h - a scroll of enchant weapon {unknown}
 i - 2 scrolls of random uselessness {unknown}
 j - a scroll of magic mapping {unknown}
 k - 3 scrolls of identify {unknown}
 l - a scroll of enchant armour {unknown}
 r - 2 scrolls of recharging {unknown}
 s - a scroll of remove curse {unknown}
 t - a scroll of amnesia {unknown}
 v - a scroll of noise {unknown}
Potions
 n - 2 potions of flight {unknown}
 o - 2 potions of curing {unknown}
 w - a potion of cancellation {unknown}
 z - a potion of heal wounds {unknown}
Comestibles
 c - 4 bread rations
 f - 2 fruits
 p - a beef jerky
 q - 3 meat rations


   Skills:
 + Level 4.3 Fighting
 + Level 4.7 Axes
 + Level 3.4 Armour
 + Level 2.8 Dodging
 + Level 0.1 Stealth


You had 3 spell levels left.
You didn't know any spells.

Dungeon Overview and Level Annotations

Branches:
Dungeon (4/15)
 Temple: D:4-7

Altars:

Portals:
Ossuary: D:4


Innate Abilities, Weirdness & Mutations

You reflexively headbutt those who attack you in melee.
You have a pair of horns on your head.


Message History

You hit the scorpion but do no damage.
You feel sick. The scorpion closely misses you.
You hit the scorpion but do no damage.
You feel sick. The scorpion stings you.
You are lethally poisoned!
The scorpion poisons you! The scorpion barely misses you.
You hit the scorpion but do no damage.
* * * LOW HITPOINT WARNING * * *
You feel sick. The scorpion stings you!
* * * LOW HITPOINT WARNING * * *
You are too injured to fight recklessly!
You hit the scorpion. Your headbutt misses the scorpion.
The scorpion is moderately wounded.
* * * LOW HITPOINT WARNING * * *
You feel sick. The scorpion stings you.
* * * LOW HITPOINT WARNING * * *
You are more poisoned.
The scorpion poisons you!
You slash the scorpion! Your headbutt misses the scorpion.
The scorpion is severely wounded.
You die...

#####.# #.#.#.# #.....#
#.#.#.# #.....#
#.#.#.### #.....#
#........
#.....####†.......
#[................##
#.##..###..#..#...#.
#####.##..###..#..# ..#.
......s@............ .#.
##.....######..########.
#..... ............
#..... #.#.#######.
....... #.#..... #.
##..... ....#.####.
##.#.# #. #.........
#.#. ...#....#....
..#.##.#....


You could see a scorpion.

Vanquished Creatures
  An adder (D:4)
  An ooze (D:1)
  3 worms
  2 giant geckos
  5 orcs
  4 giant cockroaches
  7 goblins
  7 hobgoblins
  A ball python (D:2)
  6 bats
  3 giant newts
  10 kobolds
  3 quokkas
  5 rats
58 creatures vanquished.

Notes
Turn   | Place    | Note
--------------------------------------------------------------
     0 | D:1      | Ery the Minotaur Berserker began the quest for the Orb.
     0 | D:1      | Reached XP level 1. HP: 19/19 MP: 0/0
   111 | D:1      | Reached skill level 4 in Axes
   111 | D:1      | Reached XP level 2. HP: 27/27 MP: 1/1
   635 | D:2      | Reached ** piety under Trog
   675 | D:2      | Reached XP level 3. HP: 33/33 MP: 2/2
  1722 | D:3      | HP: 1/33 [orc/trident (4)]
  2271 | D:3      | Reached XP level 4. HP: 40/40 MP: 3/3
  2550 | D:4      | Found a sand-covered staircase.
  2573 | D:4      | Reached *** piety under Trog
  2745 | D:4      | HP: 1/40 [scorpion (3)]
  2746 | D:4      | Succumbed to a scorpion's poison

Action                   |  1- 3 |  4- 6 || total
-------------------------+-------+-------++-------
Melee: Hand axe          |   113 |    28 ||   141
  Eat: Chunk             |     3 |       ||     3
       Fruit             |     1 |       ||     1
